 Dungeon Crawl Stone Soup version 0.25.1-8-g42b30a86e7 (webtiles) character file.

Game seed: 593155746992437818

3783 hawla the Fighter (level 9, -2/84 HPs)
             Began as a Minotaur Gladiator on Dec 3, 2020.
             Was an Initiate of Gozag.
             Slain by a two-headed ogre
             ... wielding a +0 giant spiked club
              (9 damage)
             ... on level 8 of the Dungeon on Dec 4, 2020.
             The game lasted 00:17:47 (6130 turns).

hawla the Fighter (Minotaur Gladiator)              Turns: 6130, Time: 00:17:47

Health: -2/84      AC: 14    Str: 21    XL:     9   Next: 95%
Magic:  8/8        EV:  9    Int:  7    God:    Gozag
Gold:   1223       SH:  0    Dex: 11    Spells: 8/8 levels left

rFire    . . .     SeeInvis .   a - +1 war axe
rCold    . . .     Gourm    .   (no shield)
rNeg     . . .     Faith    .   i - +0 chain mail
rPois    .         Spirit   .   c - +0 hat
rElec    .         Reflect  .   z - +0 cloak {Stlth+}
rCorr    +         Harm     .   C - +0 pair of gloves
MR       .....                  (no boots)
Stlth    ..........             l - amulet of regeneration
HPRegen  0.64/turn              r - ring of resist corrosion
MPRegen  0.11/turn              j - ring of flight

@: invisible
A: retaliatory headbutt, horns 2, frail 1, high mp 1
a: Potion Petition, Call Merchant, Bribe Branch, Renounce Religion, Evoke Flight


You were on level 8 of the Dungeon.
You worshipped Gozag.
Gozag was most pleased with you.
You were full.

You visited 1 branch of the dungeon, and saw 8 of its levels.
You also visited: Sewer.

You collected 1421 gold pieces.
You spent 161 gold pieces at shops.
You paid 37 gold pieces to Gozag.

Inventory:

Hand Weapons
 a - a +1 war axe (weapon)
 v - a +0 quarterstaff
Missiles
 d - 3 throwing nets
 p - 13 poisoned darts (quivered)
 q - 11 boomerangs
 t - 3 curare-tipped darts
Armour
 c - a +0 hat (worn)
 i - a +0 chain mail (worn)
 z - a +0 cloak of stealth (worn)
 C - a +0 pair of gloves (worn)
Jewellery
 j - a ring of flight (right hand)
 l - an amulet of regeneration (around neck)
 r - a ring of resist corrosion (left hand)
 A - an uncursed ring of ice
Wands
 k - a wand of digging (6)
 y - a wand of paralysis (1)
 E - a wand of enslavement (7)
Scrolls
 g - 2 scrolls of enchant weapon
 h - 4 scrolls of teleportation
 n - a scroll of noise {unknown}
 u - 2 scrolls of amnesia {unknown}
 w - a scroll of random uselessness {unknown}
 x - a scroll of identify
 D - a scroll of fear {unknown}
Potions
 b - 4 potions of flight
 e - 3 potions of haste
 m - a potion of mutation
 o - 3 potions of brilliance
 s - 3 potions of curing
Comestibles
 f - 17 rations


   Skills:
 * Level 13.7 Fighting
 - Level 3.6 Axes
 - Level 2.0 Throwing
 + Level 9.6 Armour
 - Level 3.2 Dodging


You had 8 spell levels left.
You didn't know any spells.
Your spell library contained the following spells:

 Spells                   Type           Power        Failure   Level  Hunger
 Foxfire                  Conj/Fire      #...         97%         1    ##.....
 Conjure Flame            Conj/Fire      #.......     100%        3    ####...
 Inner Flame              Hex/Fire       #.......     100%        3    ####...
 Sticky Flame             Conj/Fire      #.......     100%        4    #####..
 Fireball                 Conj/Fire      #.........   100%        5    ######.


Dungeon Overview and Level Annotations

Branches:
Dungeon (8/15)             Temple (0/1) D:7           Sewer (visited)
   Lair: D:8-11

Altars:
Ashenzari
Cheibriados
Dithmenos
Gozag
Makhleb
Nemelex Xobeh
Ru
Trog
Vehumet
Yredelemnul

Shops:
D:6 [


Innate Abilities, Weirdness & Mutations

You reflexively headbutt those who attack you in melee.
You have a pair of horns on your head.
You are frail. (-10% HP)
You have an increased reservoir of magic. (+10% MP)


Message History

Press: ? - help, Shift-Dir - straight line, f/p - two-headed ogre
Aim: a two-headed ogre, wielding two +0 giant spiked clubs (heavily wounded, poisoned)
You throw a poisoned dart.
The poisoned dart hits the two-headed ogre.
The two-headed ogre looks even sicker.
The two-headed ogre is heavily wounded.
The two-headed ogre hits you but does no damage.
The two-headed ogre hits you with a +0 giant spiked club!!
* * * LOW HITPOINT WARNING * * *
You feel better.
The two-headed ogre hits you with a +0 giant spiked club!
* * * LOW HITPOINT WARNING * * *
The two-headed ogre hits you with a +0 giant spiked club.
* * * LOW HITPOINT WARNING * * *
You fade into invisibility!
The two-headed ogre hits you with a +0 giant spiked club.
* * * LOW HITPOINT WARNING * * *
The two-headed ogre hits you with a +0 giant spiked club!
You die...
Your body crumbles into a pile of gold.

###+ #### ####... #....
#.#.#. ....... #....
#.#.#.#. ....### ....
#.#.#.#.# ....# . ..#
#.#.#.#.# ....# #'
#O#.#.#.#.# ....#
####.###@#.#.#.# ....#
#.......#.#.#.#
....#####......#.#.#.#
................#.#.#
...............#.#.#.#
................#.#.#.#
...............#.#.#.#.#
................########
................#


You could see a two-headed ogre (very poisoned).

Vanquished Creatures
  A spriggan (D:7)
  A water moccasin (D:6)
  An orc warrior (D:6)
  A phantom (D:8)
  A black bear (D:6)
  2 sky beasts
  A necrophage (D:8)
  7 ogres
  2 ice beasts
  2 centaurs (D:8)
  A big kobold (Sewer)
  3 bullfrogs
  2 scorpions
  6 killer bees
  2 howler monkeys
  5 crimson imps
  4 hounds
  2 jellies (D:8)
  7 orc priests
  A bullfrog skeleton (D:6)
  11 orc wizards
  Natasha (twice) (D:3)
  6 worker ants
  2 worker ant zombies
  A howler monkey skeleton (D:5)
  5 adders
  A river rat (Sewer)
  4 shadow imps
  An adder skeleton (D:4)
  3 worms
  3 dart slugs
  5 leopard geckos
  26 orcs
  7 giant cockroaches
  6 goblins
  5 hobgoblins
  11 jackals
  5 quokkas
  2 ball pythons
  4 bats (D:1)
  9 frilled lizards
  8 kobolds
  A leopard gecko skeleton (D:4)
  9 rats
  A spectral orc (D:2)
190 creatures vanquished.

Notes
Turn   | Place    | Note
-------+----------+-------------------------------------------
     0 | D:1      | hawla the Minotaur Gladiator began the quest for the Orb.
     0 | D:1      | Reached XP level 1. HP: 18/18 MP: 0/0
    30 | D:1      | Reached skill level 3 in Fighting
    34 | D:1      | Reached XP level 2. HP: 26/26 MP: 1/1
   389 | D:1      | Reached skill level 4 in Fighting
   688 | D:1      | Reached XP level 3. HP: 31/33 MP: 2/2
   984 | D:2      | Reached skill level 1 in Armour
  1277 | D:2      | Found a faded altar of an unknown god.
  1365 | D:2      | Found an opulent altar of Gozag.
  1484 | D:2      | Became a worshipper of Gozag Ym Sagoz the Greedy
  1547 | D:2      | Found a basalt altar of Yredelemnul.
  1609 | D:2      | Reached XP level 4. HP: 41/41 MP: 3/3
  1700 | D:3      | Reached skill level 5 in Fighting
  1808 | D:3      | Noticed Natasha
  1814 | D:3      | Killed Natasha
  2067 | D:3      | Noticed Natasha
  2072 | D:3      | Killed Natasha
  2121 | D:4      | Reached XP level 5. HP: 34/50 MP: 4/4
  2132 | D:4      | Reached skill level 6 in Fighting
  2194 | D:4      | Noticed an ogre
  2201 | D:4      | Killed an ogre
  2201 | D:4      | Reached XP level 6. HP: 29/58 MP: 5/5
  2293 | D:4      | Reached skill level 7 in Fighting
  2442 | D:4      | Reached skill level 8 in Fighting
  2442 | D:4      | Reached XP level 7. HP: 54/68 MP: 6/6
  2626 | D:4      | Reached skill level 5 in Armour
  2674 | D:4      | Found a shattered altar of Ashenzari.
  2978 | D:5      | Entered Level 5 of the Dungeon
  3029 | D:5      | Found a sacrificial altar of Ru.
  3300 | D:5      | Reached skill level 9 in Fighting
  3693 | D:6      | Reached XP level 8. HP: 73/78 MP: 7/7
  3708 | D:6      | Found Osyohula's Armour Boutique.
  3762 | D:6      | Found a glowing drain.
  3775 | Sewer    | Entered a sewer
  3914 | Sewer    | Found a white marble altar of Elyvilon.
  4052 | D:6      | Reached skill level 10 in Fighting
  4355 | D:6      | Found a burning altar of Makhleb.
  4397 | D:6      | Bought a +0 cloak of stealth for 161 gold pieces
  4513 | D:6      | Identified the +0 hand crossbow "Otzyh" {flame, MR++ Int+4}
  4527 | D:6      | Gained mutation: You are frail. (-10% HP) [potion of
                  | mutation]
  4527 | D:6      | Gained mutation: You have an increased reservoir of magic.
                  | (+10% MP) [potion of mutation]
  4572 | D:6      | Reached skill level 11 in Fighting
  4573 | D:6      | Found a shadowy altar of Dithmenos.
  4801 | D:6      | Found a bloodstained altar of Trog.
  4961 | D:7      | Found a radiant altar of Vehumet.
  4964 | D:7      | Found a sparkling altar of Nemelex Xobeh.
  5103 | D:7      | Found a snail-covered altar of Cheibriados.
  5182 | D:7      | Reached XP level 9. HP: 69/81 MP: 8/8
  5306 | D:7      | Found a staircase to the Ecumenical Temple.
  5319 | D:7      | Reached skill level 12 in Fighting
  5839 | D:8      | Reached skill level 13 in Fighting
  6119 | D:8      | Noticed a two-headed ogre
  6130 | D:8      | Slain by a two-headed ogre

Illustrated notes

Levels and vault maps discovered:
D:1:      evilmike_arrival_hilbert_curve, layout_loops_corners
D:2:      layout_rooms, grunt_gozag_breadcrumbs,
          yredelemnul_forgotten_temple_becter, chequers_ecumenical_altar_island,
          minmay_split_cup_large
D:3:      layout_rooms, st_stairs_4, minmay_misc_feat_cross, uniq_natasha
D:4:      layout_loops_ring, overflow_temple_1_default, first_ration
D:5:      layout_loops_ring, lemuel_coloured_pillars_altar,
          corexii_item_surrounded_by_moat, kennysheep_generic_room_15
D:6:      layout_loops_corners, nicolae_dithmenos_through_a_glass_darkly,
          lemuel_doored_altar, portal_sewer_entry_d, serial_shops, shop,
          minmay_holes, bloody_makhleb
D:7:      layout_loops_ring, gammafunk_temple_overflow_forgotten,
          minmay_temple_entry_glass, the_bakery
D:8:      layout_basic, minivault_23, minmay_bent, uniq_pikel, uniq_psyche

Skill      XL: |  1  2  3  4  5  6  7  8  9 |
---------------+----------------------------+-----
Fighting       | 3 4 5 6 8 9 11 13 | 13.7
Armour         | 1 2 3 4 5 7 9 |  9.6
Axes           | |  3.6
Throwing       | |  2.0
Dodging        | |  3.2

Action                   |  1- 3 |  4- 6 |  7- 9 || total
-------------------------+-------+-------+-------++-------
Melee: War axe           |    84 |    69 |   360 ||   513
       Headbutt          |    13 |    13 |    56 ||    82
Throw: Dart              |       |    10 |     5 ||    15
Evoke: Wand              |       |       |     5 ||     5
  Use: Scroll            |     3 |     4 |     4 ||    11
       Potion            |       |     2 |     6 ||     8
 Stab: Distracted        |       |       |     1 ||     1
       Paralysed         |       |       |     2 ||     2
  Eat: Chunk             |     2 |       |       ||     2
       Ration            |       |     2 |     4 ||     6
Armor: Leather armour    |    15 |       |       ||    15
       Chain mail        |    18 |    35 |   190 ||   243
       Skin              |       |       |    84 ||    84
Dodge: Dodged            |    55 |    29 |   198 ||   282
